cohdb
Replays
Latest Replays
All Replays
Popular Replays
Top Player Replays
Match Explorer
How It Works
Community
CoH3 Stats
Reddit
Sign in to upload your games and track your stats! →
Sign in with Steam
Match 45828062
Unlisted
Match 45828062
Overview
Messages
Build Orders
End
Engineer Squad
Construct Barracks
Riflemen Squad
Riflemen Squad
Riflemen Squad
Riflemen Squad
Grenade Package
Construct Medical Station
Infantry Support Center
M1918 Browning Automatic Rifles
Riflemen Squad
Survival Training
Advanced Logistics
Captain Retinue
Munitions Surplus
Selects Heavy Weapons
Selects Assault Carriers
Selects Halftrack Strongpoints
Construct Motor Pool
Selects M26 Pershing Heavy Tank
M26 Pershing Heavy Tank
Herr Blautier
TBoR
Valar Morghulis
undefined
0
0
Comments
sign in to comment!
No comments posted yet!